 Dungeon Crawl Stone Soup version 0.29-a0-338-g1ff7896281 (webtiles) character file.

Game seed: 10720328576392042645

1349 Dauddaud the Cleaver (level 8, -7/96 HPs)
             Began as a Minotaur Berserker on Apr 18, 2022.
             Was a Priest of Trog.
             Mangled by an ogre
             ... wielding a +0 giant club
              (17 damage)
             ... on level 6 of the Dungeon on Apr 19, 2022.
             The game lasted 00:10:49 (5505 turns).

Dauddaud the Cleaver (Minotaur Berserker)           Turns: 5505, Time: 00:10:50

Health: -7/96      AC: 12    Str: 24    XL:     8   Next: 36%
Magic:  7/7        EV:  8    Int:  4    God:    Trog [***...]
Gold:   203        SH:  0    Dex: 10    Spells: 7/7 levels left

rFire   . . .      SeeInvis .   a - +0 hand axe
rCold   . . .      Faith    .   (no shield)
rNeg    . . .      Spirit   .   B - +0 chain mail
rPois   .          Reflect  .   (helmet restricted)
rElec   .          Harm     .   (no cloak)
rCorr   .          Rampage  .   (no gloves)
Will    +....                   (no boots)
Stlth   ..........              (no amulet)
HPRegen 0.26/turn               r - +4 ring of protection
MPRegen 0.10/turn               g - ring of willpower

@: berserking, very quick
A: horns 2, retaliatory headbutt
a: Renounce Religion, Berserk, Trog's Hand


You were on level 6 of the Dungeon.
You worshipped Trog.
Trog was most pleased with you.
You visited 1 branch of the dungeon, and saw 6 of its levels.

You collected 203 gold pieces.

Inventory:

Hand Weapons
 a - a +0 hand axe (weapon)
 A - a +0 club
Missiles
 z - 3 throwing nets (quivered)
Armour
 b - a +0 animal skin
 h - a +0 ring mail
 B - a +0 chain mail (worn)
Jewellery
 c - a ring of positive energy
 g - a ring of willpower (right hand)
 p - a ring of resist corrosion
 r - a +4 ring of protection (left hand)
 x - a ring of poison resistance
Wands
 k - a wand of mindburst (15)
 n - a wand of polymorph (20)
Scrolls
 d - a scroll of torment {unknown}
 f - 3 scrolls of noise {unknown}
 i - 7 scrolls of identify {unknown}
 l - 2 scrolls of fear {unknown}
 q - 2 scrolls of amnesia {unknown}
 s - a scroll of immolation {unknown}
 v - a scroll of enchant weapon {unknown}
 w - a scroll of magic mapping {unknown}
 y - a scroll of enchant armour {unknown}
 C - a scroll of teleportation {unknown}
 D - a scroll of blinking {unknown}
 E - a scroll of acquirement {unknown}
Potions
 e - 2 potions of degeneration {unknown}
 j - a potion of haste {unknown}
 m - 2 potions of flight {unknown}
 o - 2 potions of heal wounds {unknown}
 t - 2 potions of curing {unknown}
 u - a potion of might {unknown}


   Skills:
 - Level 3.6 Fighting
 + Level 12.6 Axes
 - Level 2.4 Armour
 - Level 2.1 Dodging


You had 7 spell levels left.
You didn't know any spells.
Your spell library was empty.

Dungeon Overview and Level Annotations

Branches:
Dungeon (6/15)             Temple (0/1) D:4

Altars:
Dithmenos
Fedhas
Sif Muna
Yredelemnul
The Shining One

Shops:
D:3 :


Innate Abilities, Weirdness & Mutations

You have a pair of horns on your head.
You reflexively headbutt those who attack you in melee.


Message History

The orc warrior hits you from afar with a +0 glaive!
An ogre comes into view. It is wielding a +0 giant club.
A red film seems to cover your vision as you go berserk!
You feel yourself moving faster!
You feel mighty! The howler monkey barely misses you.
The orc priest hits you but does no damage.
The orc warrior hits you from afar with a +0 glaive!
You slash the orc priest!
You feel the power of Trog in you as your rage grows.
You kill the orc priest!
Trog accepts your kill.
You hit the howler monkey. The howler monkey hits you.
* * * LOW HITPOINT WARNING * * *
The orc warrior hits you from afar with a +0 glaive.
* * * LOW HITPOINT WARNING * * *
You closely miss the howler monkey.
The howler monkey is heavily wounded.
You hit the howler monkey. You headbutt the howler monkey.
You kill the howler monkey!
Trog accepts your kill.
Unknown command.
The orc warrior barely misses you.
Items here: )) [ †.
You hit the orc warrior. You headbutt the orc warrior.
The orc warrior is moderately wounded.
The orc warrior hits you with a +0 glaive.
* * * LOW HITPOINT WARNING * * *
You completely miss the orc warrior.
The orc warrior is moderately wounded.
You slash the orc warrior!
The orc warrior is severely wounded.
You closely miss the orc warrior.
The orc warrior is severely wounded.
The orc warrior hits you with a +0 glaive!
* * * LOW HITPOINT WARNING * * *
You slash the orc warrior!
You kill the orc warrior!
Trog accepts your kill. The ogre hits you with a +0 giant club!
You die...

..............
.$...........#
.............#
............#
.......$...#
..........##
........)..##
......O@)# .####
...≈.8.≈)##.....
......§...§.......#
......≈§.≈§?....###
......≈≈.≈§.##..#
......≈≈.≈≈.# #..#
......≈≈_≈≈.# ...#
.......≈≈≈≈≈.# #...
.......§§≈§..#
##.##


You could see an ogre.

Vanquished Creatures
  A water moccasin (D:5)
  An orc warrior (D:6)
  An ice beast (D:3)
  The ghost of Murumi the Skirmisher, an amateur DgFi (D:3)
  A black bear (D:5)
  2 ogres (D:5)
  A phantom (D:3)
  2 scorpions
  A howler monkey (D:6)
  2 orc priests
  Ijyb (D:3)
  A gnoll shaman (D:5)
  An iguana (D:5)
  3 orc wizards (D:5)
  11 gnolls (D:5)
  4 adders
  2 white imps
  An ufetubus (D:4)
  2 worms
  3 dart slugs
  10 orcs
  6 bats
  2 endoplasms
  10 goblins
  8 hobgoblins
  11 jackals
  9 kobolds
  5 quokkas
  A ball python (D:1)
  A ball python zombie (D:3)
  3 frilled lizards
  A quokka zombie (D:3)
  7 rats
116 creatures vanquished.

Notes
Turn   | Place    | Note
-------+----------+-------------------------------------------
     0 | D:1      | Dauddaud the Minotaur Berserker began the quest for the
                  | Orb.
     0 | D:1      | Reached XP level 1. HP: 19/19 MP: 0/0
    41 | D:1      | Reached skill level 4 in Axes
   346 | D:1      | Reached XP level 2. HP: 26/26 MP: 1/1
  1137 | D:1      | Reached skill level 5 in Axes
  1355 | D:1      | Reached XP level 3. HP: 31/31 MP: 2/2
  1536 | D:2      | Reached ** piety under Trog
  2443 | D:3      | Found Lelawic's Book Emporium.
  2463 | D:3      | Found a runed translucent gate.
  2463 | D:3      | Found a runed translucent gate.
  2463 | D:3      | Found a runed translucent gate.
  2463 | D:3      | Noticed Murumi's ghost (amateur DgFi)
  2465 | D:3      | Found a basalt altar of Yredelemnul.
  2486 | D:3      | Killed Murumi's ghost
  2487 | D:3      | Reached skill level 7 in Axes
  2487 | D:3      | Reached XP level 4. HP: 24/39 MP: 3/3
  2487 | D:3      | Reached XP level 5. HP: 28/45 MP: 4/4
  2654 | D:3      | Noticed Ijyb
  2666 | D:3      | Killed Ijyb
  2822 | D:3      | Found a faded altar of an unknown god.
  3117 | D:3      | Noticed a phantom
  3126 | D:3      | Killed a phantom
  3127 | D:3      | Reached skill level 8 in Axes
  3236 | D:3      | Noticed an ice beast
  3248 | D:3      | Killed an ice beast
  3249 | D:3      | Reached XP level 6. HP: 51/51 MP: 5/5
  3544 | D:4      | Found a glowing golden altar of the Shining One.
  3741 | D:4      | Reached skill level 9 in Axes
  3877 | D:4      | Found a staircase to the Ecumenical Temple.
  4079 | D:4      | Found a shadowy altar of Dithmenos.
  4193 | D:5      | Entered Level 5 of the Dungeon
  4197 | D:5      | Reached XP level 7. HP: 57/57 MP: 6/6
  4205 | D:5      | Reached skill level 10 in Axes
  4209 | D:5      | Found a shimmering blue altar of Sif Muna.
  4245 | D:5      | Reached *** piety under Trog
  4291 | D:5      | Reached skill level 11 in Axes
  4762 | D:5      | Reached XP level 8. HP: 63/64 MP: 7/7
  5092 | D:5      | Reached skill level 12 in Axes
  5417 | D:6      | Identified the ring of Waynis {Ice rElec Str+3 Slay-5 SInv}
  5465 | D:6      | Found a blossoming altar of Fedhas.
  5505 | D:6      | Mangled by an ogre

Illustrated notes

Levels and vault maps discovered:
D:1:      roderic_octagonal_star, layout_loops_corners, minmay_surrounded
D:2:      layout_rooms, hex_tiny
D:3:      layout_loops_cross, nicolae_yredelemnul_ghost_church, serial_shops,
          nicolae_shop_behind_doors, ebering_ecumenical_altar_mist, uniq_ijyb
D:4:      layout_loops_cross, tso_metal_star, nicolae_dithmenos_the_darkroom,
          minmay_temple_entry_poolview
D:5:      layout_loops_ring, lemuel_round_altar, hangedman_decor_growths
D:6:      layout_layer_cave, nicolae_ru_awakened_eye,
          mainiacjoe_overflow_catwalk

Skill      XL: |  1  2  3  4  5  6  7  8 |
---------------+-------------------------+-----
Axes           | 4 5 7 8 9 11 12 | 12.6
Fighting       | |  3.6
Armour         | |  2.4
Dodging        | |  2.1

Action                   |  1- 3 |  4- 6 |  7- 9 || total
-------------------------+-------+-------+-------++-------
Melee: Hand axe          |   120 |   107 |   128 ||   355
       Headbutt          |    19 |    20 |    25 ||    64
       Punch             |       |     1 |     1 ||     2
Invok: Berserk           |       |     1 |     3 ||     4
Armor: Animal skin       |     5 |       |       ||     5
       Ring mail         |    25 |    36 |    13 ||    74
       Chain mail        |       |       |    48 ||    48
Dodge: Dodged            |    74 |    52 |    52 ||   178

Table legend: (Time is in decaauts)
 A = Elapsed time spent in this place.
 B = Non-inter-level travel time spent in this place.
 C = Inter-level travel time spent in this place.
 D = Time resting spent in this place.
 E = Time spent auto-exploring this place.
 F = Levels seen in this place.
 G = Mean time per level.
                   A        B        C        D        E       F      G
               +--------+--------+--------+--------+--------+-----+--------+
         Total |   5499 |   5334 |    165 |   1047 |   3579 |   6 |  916.5 |
       Dungeon |   5499 |   5334 |    165 |   1047 |   3579 |   6 |  916.5 |
               +--------+--------+--------+--------+--------+-----+--------+

Top non-repeatable levels by time:
     D:1: 1518 daAuts
     D:5: 1212 daAuts
     D:2: 924 daAuts
     D:4: 879 daAuts
     D:3: 877 daAuts
     D:6: 86 daAuts
